 Dungeon Crawl Stone Soup version 0.31-a0-662-g684573625c (webtiles) character file.

Game seed: 3259867127697886005

871 Descartes the Chopper (level 8, 0/42 HPs)
             Began as a Vine Stalker Berserker on Sept 1, 2023.
             Was a Priest of Trog.
             Slain by an acid dragon (2 damage)
             ... on level 8 of the Dungeon.
             The game lasted 00:06:45 (3308 turns).

Descartes the Chopper (Vine Stalker Berserker)      Turns: 3308, Time: 00:06:46

Health: 0/42       AC:  4    Str: 30    XL:     8   Next: 3%
Magic:  0/20       EV: 12    Int:  7    God:    Trog [***...]
Gold:   263        SH:  0    Dex: 17    Spells: 7/7 levels left

rFire   . . .        u - +4 quarterstaff (chaos)
rCold   . . .        (shield currently unavailable)
rNeg    . . .        x - +3 leather armour {Will+}
rPois   +            (no helmet)
rElec   .            v - +0 cloak
rCorr   .            (no gloves)
SInv    .            f - +0 pair of boots
Will    ++...        p - amulet of Immorality {Acrobat Regen+ Dex+3}
Stlth   ++           b - ring of magical power
HPRegen 1.87/turn    s - ring of Erheph {Drain *Slow rPois Str+8 Stlth+}
MPRegen 0.17/turn

%: slow self (1%), acrobat, guardian spirit
@: corroded
A: fangs 3, regeneration 1, magic shield, antimagic bite, no potion heal 2
a: Renounce Religion, Berserk, Trog's Hand


You were on level 8 of the Dungeon.
You worshipped Trog.
Trog was most pleased with you.
You visited 1 branch of the dungeon, and saw 6 of its levels.

You collected 263 gold pieces.

Inventory:

Hand Weapons
 a - a +0 hand axe
 h - a +2 dagger of holy wrath
 t - a +2 hammer of protection
 u - a +4 quarterstaff of chaos (weapon)
Missiles
 B - 4 boomerangs
 C - 7 poisoned darts
 D - 5 curare-tipped darts
Armour
 f - a +0 pair of boots (worn)
 j - a +0 ring mail
 v - a +0 cloak (worn)
 x - a +3 leather armour of willpower (worn)
Jewellery
 b - a ring of magical power (left hand)
 k - a +6 ring of intelligence
 l - a ring of poison resistance
 p - the amulet of Immorality (around neck) {Acrobat Regen+ Dex+3}
   (You found it on level 3 of the Dungeon)

   [amulet of the acrobat]

   Acrobat:   It increases your evasion while moving and waiting.
   Dex+3:     It affects your dexterity (+3).
   Regen+:    It increases your rate of health regeneration.
 s - the ring of Erheph (right hand) {Drain *Slow rPois Str+8 Stlth+}
   (You found it on level 3 of the Dungeon)

   [ring of poison resistance]

   Str+8:     It affects your strength (+8).
   rPois:     It protects you from poison Drain: It drains your maximum health
   when unequipped.
   *Slow:     It may slow you when you take damage.
   Stlth+:    It makes you more stealthy.
 y - an amulet of regeneration
Talismans
 o - a flux talisman
Wands
 w - a wand of flame (17)
Scrolls
 d - a scroll of teleportation {unknown}
 e - 3 scrolls of identify {unknown}
 i - a scroll of amnesia {unknown}
 n - 2 scrolls of fear {unknown}
 q - a scroll of enchant weapon {unknown}
 A - a scroll of revelation {unknown}
Potions
 c - 4 potions of curing {unknown}
 g - a potion of brilliance {unknown}
 m - a potion of lignification {unknown}
 r - a potion of invisibility {unknown}
 z - 2 potions of attraction {unknown}


   Skills:
 + Level 4.4 Fighting
 + Level 4.5 Axes
 + Level 3.5 Armour
 - Level 1.6 Dodging
 + Level 3.6 Invocations
 + Level 3.2 Evocations


You had 7 spell levels left.
You didn't know any spells.
Your spell library contained the following spells:

 Spells                   Type           Power      Damage    Failure   Level
 Summon Small Mammal      Summ           0%         N/A       45%         1
 Static Discharge         Conj/Air       0%         2-2/arc   61%         2
 Call Canine Familiar     Summ           0%         N/A       83%         3
 Summon Guardian Golem    Hex/Summ       0%         N/A       83%         3
 Airstrike                Air            0%         2d(0-16)  99%         4
 Summon Lightning Spire   Summ/Air       0%         N/A       99%         4


Dungeon Overview and Level Annotations

Branches:
Dungeon (5/15)             Temple (0/1) D:4

Altars:
Dithmenos
Makhleb


Innate Abilities, Weirdness & Mutations

You have razor-sharp teeth.
Your natural rate of healing is unusually fast.
When hurt, damage is shared between your health and your magic reserves.
Your bite disrupts and absorbs the magic of your enemies.
Potions cannot restore your health.


Message History

You open the door.
A gnoll bouda and 5 gnolls come into view.
A sourceless malevolence fills the Dungeon...
You fall into a shaft and drop 3 floors!
The shaft crumbles and collapses.
A steam dragon comes into view.
The steam dragon hisses angrily.
The steam dragon misses you.
The steam dragon claws you but does no damage.
You closely miss the steam dragon. The steam dragon misses you.
The steam dragon barely misses you.
You sock the steam dragon! You burn the steam dragon.
Your bite misses the steam dragon.
The steam dragon is severely wounded.
The steam dragon breathes steam at you. The ball of steam hits you!!
You hear a roar!
You hit the steam dragon but do no damage.
Lightning courses through the steam dragon!
You kill the steam dragon!
Trog accepts your kill.
You are engulfed in a cloud of scalding steam.
You have reached level 8!
You feel stronger.
Your teeth grow very long and razor-sharp.
No target in view!
You see here a steam dragon corpse.
An acid dragon comes into view.
Found a stone staircase leading down.
The acid dragon spits acid at you. The splash of acid hits you!
The acid corrodes you!
You hit the acid dragon but do no damage.
The acid dragon spits acid at you. The splash of acid hits you!!
Ouch! That really hurt!
* * * LOW HITPOINT WARNING * * *
The acid dragon bites you!
* * * LOW HITPOINT WARNING * * *
The acid dragon claws you.
You die...

#####.........#
.....#######.#
######..###...#.#
..............#.#
#####..###.#...#
#..###.#.###
#..#.#.#.#
#.†..#.#.#
##@#.#.#.#
......D...#.#.#
.>......###.#.#
#.#.....# #.#
#.....# #.#
#.....# #.....#
#.....#


You could see an acid dragon (catching breath).

Vanquished Creatures
  A steam dragon (D:8)
  Duvessa (D:4)
  2 phantoms
  2 scorpions
  Dowan (D:3)
  2 hounds (D:4)
  2 sleepcaps
  Crazy Yiuf (D:3)
  6 gnolls
  4 adders
  An ufetubus (D:5)
  3 dart slugs
  5 orcs
  6 ball pythons
  6 bats
  6 endoplasms
  13 goblins
  7 hobgoblins
  7 jackals
  9 kobolds
  2 quokkas
  A frilled lizard (D:3)
  2 rats (D:3)
90 creatures vanquished.

Notes
Turn   | Place    | Note
-------+----------+-------------------------------------------
     0 | D:1      | Descartes the Vine Stalker Berserker began the quest for
                  | the Orb.
     0 | D:1      | Reached XP level 1. HP: 11/11 MP: 2/2
    62 | D:1      | Reached XP level 2. HP: 16/16 MP: 3/3
   234 | D:1      | Reached skill level 1 in Invocations
   234 | D:1      | Reached XP level 3. HP: 7/19 MP: 0/4
   403 | D:1      | Reached skill level 1 in Evocations
   555 | D:1      | Reached ** piety under Trog
   556 | D:1      | Reached XP level 4. HP: 23/24 MP: 3/5
  1380 | D:3      | Identified the +0 robe of the World {-Cast Regen+ Str+3}
  1545 | D:3      | Identified the amulet of Immorality {Acrobat Regen+ Dex+3}
  1620 | D:3      | Reached XP level 5. HP: 10/28 MP: 3/7
  2128 | D:3      | Found a burning altar of Makhleb.
  2158 | D:3      | Identified the ring of Erheph {Drain *Slow rPois Str+8
                  | Stlth+}
  2245 | D:3      | Found a runed translucent door.
  2246 | D:3      | Noticed Crazy Yiuf
  2257 | D:3      | Killed Crazy Yiuf
  2480 | D:4      | Noticed Duvessa
  2480 | D:4      | Noticed Dowan
  2489 | D:4      | Killed Duvessa
  2490 | D:4      | Reached XP level 6. HP: 17/32 MP: 7/8
  2510 | D:3      | Killed Dowan
  2510 | D:3      | Reached *** piety under Trog
  2636 | D:4      | Reached XP level 7. HP: 37/37 MP: 10/10
  2636 | D:4      | Found a shadowy altar of Dithmenos.
  2842 | D:4      | Found a staircase to the Ecumenical Temple.
  3050 | D:5      | Entered Level 5 of the Dungeon
  3279 | D:5      | You fall into a shaft and drop 3 floors!
  3295 | D:8      | Noticed a steam dragon
  3301 | D:8      | Killed a steam dragon
  3302 | D:8      | Gained mutation: You have razor-sharp teeth. [Vine Stalker
                  | growth]
  3302 | D:8      | Reached XP level 8. HP: 29/42 MP: 11/11
  3308 | D:8      | HP: 2/42 [acid dragon (8)]
  3308 | D:8      | Slain by an acid dragon

Illustrated notes

Levels and vault maps discovered:
D:1:      enne_arrival_octagon_isle, layout_basic
D:2:      layout_loops_ring
D:3:      layout_basic, mainiacjoe_overflow_boulevard, uniq_crazy_yiuf_cottage
D:4:      layout_rooms, nicolae_dithmenos_shadow_blocks,
          minmay_temple_entry_from_below_a, dk_noncrumbling_4, uniq_duvessa
D:5:      layout_gridville, trog_butcher_becter
D:8:      layout_basic, serial_shops, nicolae_shop_just_a_little_nook

Skill      XL: |  1  2  3  4  5  6  7 |
---------------+----------------------+-----
Axes           | 3 4 |  4.5
Invocations    | 1 2 3 |  3.6
Fighting       | 3 4 |  4.4
Armour         | 2 3 |  3.5
Evocations     | 1 2 3 |  3.2
Dodging        | |  1.6

Action                     |  1- 3 |  4- 6 |  7- 9 || total
---------------------------+-------+-------+-------++-------
  Melee: Hand axe          |    76 |    94 |       ||   170
         Bite              |    17 |    41 |    11 ||    69
         Punch             |     1 |       |       ||     1
         Quarterstaff      |       |    31 |    50 ||    81
         Mace              |       |     6 |       ||     6
   Stab: Sleeping          |       |     1 |     3 ||     4
 Armour: Animal skin       |    44 |     6 |       ||    50
         Ring mail         |       |    94 |       ||    94
         Leather armour    |       |     6 |    48 ||    54
  Dodge: Dodged            |    43 |    63 |    34 ||   140

Table legend: (Time is in decaauts)
 A = Elapsed time spent in this place.
 B = Non-inter-level travel time spent in this place.
 C = Inter-level travel time spent in this place.
 D = Time resting spent in this place.
 E = Time spent auto-exploring this place.
 F = Levels seen in this place.
 G = Mean time per level.
                   A        B        C        D        E       F      G
               +--------+--------+--------+--------+--------+-----+--------+
         Total |   3355 |   3239 |    116 |      0 |   2500 |   6 |  559.2 |
       Dungeon |   3355 |   3239 |    116 |      0 |   2500 |   6 |  559.2 |
               +--------+--------+--------+--------+--------+-----+--------+

Top non-repeatable levels by time:
     D:3: 1248 daAuts
     D:1: 696 daAuts
     D:2: 649 daAuts
     D:4: 496 daAuts
     D:5: 234 daAuts
     D:8: 29 daAuts
